 Dungeon Crawl Stone Soup version 0.29-a0-338-g1ff7896281 (webtiles) character file.

Game seed: 6656170335111856793

225 spaghetti the Ducker (level 6, -2/42 HPs)
             Began as an Octopode Chaos Knight on Apr 18, 2022.
             Was a Plaything of Xom.
             Slain by Edmund
             ... wielding a +2 flail of holy wrath
              (11 damage)
             ... on level 4 of the Dungeon.
             The game lasted 00:04:35 (3190 turns).

spaghetti the Ducker (Octopode Chaos Knight)        Turns: 3190, Time: 00:04:37

Health: -2/42      AC:  1    Str: 10 (11) XL:     6   Next: 1%
Magic:  6/6        EV: 14    Int: 16 (17) God:    Xom [..*...]
Gold:   184        SH:  0    Dex: 13      Spells: 5/5 levels left

rFire   . . .      SeeInvis .   d - +2 short sword (speed) {short}
rCold   . . .      Faith    .   (no shield)
rNeg    . . .      Spirit   .   (helmet restricted)
rPois   .          Reflect  .   (no amulet)
rElec   .          Harm     .   (no ring)
rCorr   .          Rampage  .   (no ring)
Will    .....                   (no ring)
Stlth   ++........              (no ring)
HPRegen 0.14/turn               (no ring)
MPRegen 0.10/turn               (no ring)
                                (no ring)
                                (no ring)

@: mighty
A: almost no armour, amphibious, 8 rings, camouflage 1, gelatinous body 1,
(nimble swimmer 1), tentacles, clever 1, deterioration 1, subdued magic 1
a: Renounce Religion


You were on level 4 of the Dungeon.
You worshipped Xom.
You were a toy of Xom.
You visited 1 branch of the dungeon, and saw 4 of its levels.

You collected 184 gold pieces.


Innate Abilities, Weirdness & Mutations

You cannot wear most types of armour.
You are amphibious.
You can wear up to eight rings at the same time.
Your skin changes colour to match your surroundings (Stealth+).
Your rubbery body absorbs attacks. (AC +1, EV +1)
((You are camouflaged when in or above water. (Stealth+)))
You have tentacles for arms and can constrict up to eight enemies at once.
Your mind is acute. (Int +2)
Your body sometimes deteriorates upon taking damage.
Your spells are a little easier to cast, but a little less powerful.


   Skills:
 - Level 3.0 Fighting
 + Level 4.2 Long Blades
 + Level 1.9 Throwing
 * Level 4.8 Dodging


You had 5 spell levels left.
You didn't know any spells.
Your spell library was empty.

Inventory:

Hand Weapons
 a - a +0 falchion of chaos {long}
 d - a +2 short sword of speed (weapon) {short}
   (You took it off Terence on level 3 of the Dungeon)
 j - a +0 great sword {long}
   (You found it on level 2 of the Dungeon)
 n - a +1 trident of venom {polearm}
   (You found it on level 2 of the Dungeon)
 r - a +2 flail of protection {mace}
   (You took it off an orc on level 3 of the Dungeon)
Missiles
 f - 44 stones (quivered) {throwing}
 k - 2 boomerangs {throwing}
 t - 7 poisoned darts {throwing}
Jewellery
 s - a ring of positive energy
   (You found it on level 3 of the Dungeon)
Wands
 u - a wand of flame (21)
   (You took it off Ijyb on level 3 of the Dungeon)
Scrolls
 c - a scroll of brand weapon {unknown}
 g - 2 scrolls of identify {unknown}
 h - 2 scrolls of enchant weapon {unknown}
 l - a scroll of teleportation {unknown}
 p - 2 scrolls of enchant armour {unknown}
Potions
 e - a potion of heal wounds {@q2}
 i - a potion of degeneration {unknown}
 m - a potion of invisibility {unknown}
 o - 2 potions of lignification {unknown}
 v - 2 potions of berserk rage {!q}
 w - a potion of haste {@q3}
Miscellaneous
 b - a piece from Xom's chessboard (15/15)

Dungeon Overview and Level Annotations

Branches:
Dungeon (4/15)
 Temple: D:4-7

Altars:
Qazlal

Annotations:
D:2 1 runed translucent door, Crazy Yiuf
D:4 Edmund, Grinder

#.# #.# #.# #.#
####.##### .........#
.###.###.# .# #.#
#.##########.####
.###.###.†......@@S(.(((
...)......#.####.##5##.#
..##.###....# #.# .....#
#.#### #.# .###.# #.#
#.# .........# #.#
####...... ... #.#####
#(. #.#


You could see Edmund, Grinder and a ball python.


Message History

You constrict the hobgoblin.
You kill the hobgoblin!
No target in view!
No target in view!
No target in view!
No target in view!
No target in view!
No target in view!
No target in view!
No target in view!
No target in view!
No target in view!
No target in view!
No target in view!
No target in view!
No target in view!
No target in view!
You now have 184 gold pieces (gained 9).
You see here a hobgoblin corpse.
f - 48 stones {throwing} (gained 1)
f - 49 stones {throwing} (gained 1)
f - 50 stones {throwing} (gained 1)
f - 51 stones {throwing} (gained 1) Grinder comes into view.
Grinder shouts! 😎 HP[+1]
Your hp is fully restored (42).
You throw a stone {throwing}. The stone {throwing} hits Grinder.
Edmund the Younger comes into view.
He is wielding a +2 flail of holy wrath.
Unknown command.
You throw a stone {throwing}.
The stone {throwing} closely misses Grinder.
Edmund shouts!
You hear an angry hiss.
Grinder blinks!
You throw a stone {throwing}.
The stone {throwing} hits Edmund but does no damage.
You throw a stone {throwing}.
The stone {throwing} hits Edmund but does no damage.
You throw a stone {throwing}.
The stone {throwing} closely misses Edmund.
The stone {throwing} hits Grinder but does no damage.
A ball python comes into view.
You throw a stone {throwing}.
The stone {throwing} hits Edmund but does no damage.
You throw a stone {throwing}.
The stone {throwing} hits Edmund but does no damage.
You hit Edmund. You grab Edmund. You constrict Edmund.
Edmund hits you with a +2 flail of holy wrath!
You are too injured to fight recklessly! 😕 HP[-8]
You take 8 damage, and now have 34/42 hp.
You are too injured to fight recklessly!
You are too injured to fight recklessly!
You are too injured to fight recklessly!
You are too injured to fight recklessly!
You are too injured to fight recklessly!
You are too injured to fight recklessly!
You are too injured to fight recklessly!
You are too injured to fight recklessly!
You are too injured to fight recklessly!
You are too injured to fight recklessly!
You are too injured to fight recklessly!
You are too injured to fight recklessly!
You are too injured to fight recklessly!
You are too injured to fight recklessly!
You are too injured to fight recklessly!
You are too injured to fight recklessly!
You are too injured to fight recklessly!
You are too injured to fight recklessly!
You are too injured to fight recklessly!
You are too injured to fight recklessly!
Unknown command.
Unknown command.
You hit Edmund. You squeeze Edmund, but do no damage.
You constrict Edmund, but do no damage.
Xom snickers.
Nothing appears to happen...
Ominous!
Edmund hits you with a +2 flail of holy wrath!
* * * LOW HITPOINT WARNING * * *
Grinder blinks! 😨 HP[-13]
You take 13 damage, and now have 21/42 hp.
MASSIVE DAMAGE!! (PAUSE) Unknown command.
You hit Edmund. You squeeze Edmund. You constrict Edmund.
You hit Edmund but do no damage. You squeeze Edmund.
You constrict Edmund, but do no damage.
Edmund hits you with a +2 flail of holy wrath!
* * * LOW HITPOINT WARNING * * *
Your body deteriorates!
You feel weakened. 😱 HP[-12]
You take 12 damage, and now have 9/42 hp.
MASSIVE DAMAGE!! (PAUSE) Unknown command.
It was a potion of might.
You feel very mighty all of a sudden.
You constrict Edmund.
Edmund hits you with a +2 flail of holy wrath!
You die...
Xom titters!

Skill      XL: |  1  2  3  4  5 |
---------------+----------------+-----
Dodging        | 3 4 |  4.8
Throwing       | 1 |  1.9
Long Blades    | 4 |  4.2
Fighting       | |  3.0

Action                   |  1- 3 |  4- 6 || total
-------------------------+-------+-------++-------
Melee: Falchion          |    36 |       ||    36
       Constrict         |    17 |    23 ||    40
       Tentacles         |    12 |    18 ||    30
       Great sword       |    26 |    40 ||    66
       Short sword       |       |    38 ||    38
Throw: Stone             |     7 |    32 ||    39
  Use: Potion            |       |     4 ||     4
 Stab: Sleeping          |     7 |     1 ||     8
Armor: Skin              |    16 |     2 ||    18
Dodge: Dodged            |    50 |    61 ||   111

Levels and vault maps discovered:
D:1:      minmay_arrival_hallway, layout_basic, basic_ecumenical_altar
D:2:      layout_basic, basic_altar, minmay_misc_feat_x,
          corexii_leaking_fountain, uniq_crazy_yiuf_cottage
D:3:      layout_rooms, kennysheep_donut, uniq_terence, uniq_ijyb, uniq_jessica
D:4:      layout_loops_ring, portal_sewer_entry_e, serial_shops,
          nicolae_shop_hallway_plus, uniq_duvessa, uniq_grinder, uniq_natasha,
          uniq_menkaure, uniq_edmund

Notes
Turn   | Place    | Note
-------+----------+-------------------------------------------
     0 | D:1      | spaghetti the Octopode Chaos Knight began the quest for the
                  | Orb.
     0 | D:1      | Reached XP level 1. HP: 16/16 MP: 1/1
     0 | D:1      | magus.rc [v1.9.6]
    88 | D:1      | Found a faded altar of an unknown god.
    91 | D:1      | HP: 4/16 [bat (1)]
   390 | D:1      | Reached XP level 2. HP: 16/21 MP: 2/2
   618 | D:1      | Reached skill level 3 in Dodging
   959 | D:2      | Reached XP level 3. HP: 20/26 MP: 3/3
  1194 | D:2      | XOM: cloud trail
  1262 | D:2      | XOM: noise
  1298 | D:2      | XOM: cloud trail
  1473 | D:2      | XOM: divination: magic mapping
  1504 | D:2      | XOM: divination: detect creatures
  1524 | D:2      | Found a stormy altar of Qazlal.
  1611 | D:2      | XOM: cloud trail
  1818 | D:2      | Reached XP level 4. HP: 31/31 MP: 4/4
  1942 | D:2      | Found a runed translucent door.
  1943 | D:2      | Noticed Crazy Yiuf
  2082 | D:3      | XOM is BORED!
  2082 | D:3      | XOM: give mutations
  2082 | D:3      | Gained mutation: Your spells are a little easier to cast,
                  | but a little less powerful. [Xom's mischief]
  2082 | D:3      | Gained mutation: Your mind is acute. (Int +2) [Xom's
                  | mischief]
  2082 | D:3      | Gained mutation: Your body sometimes deteriorates upon
                  | taking damage. [Xom's mischief]
  2174 | D:3      | Reached skill level 4 in Dodging
  2214 | D:3      | XOM: silly message
  2228 | D:3      | Reached skill level 1 in Throwing
  2480 | D:3      | Noticed Jessica
  2481 | D:3      | Reached XP level 5. HP: 33/36 MP: 5/5
  2483 | D:3      | Noticed Terence
  2488 | D:3      | Killed Jessica
  2489 | D:3      | Reached skill level 4 in Long Blades
  2489 | D:3      | Killed Terence
  2513 | D:3      | Noticed Ijyb
  2518 | D:3      | XOM: cast spell 'Summon Small Mammal'
  2529 | D:3      | Killed Ijyb
  2712 | D:3      | XOM: divination: magic mapping
  3113 | D:4      | Reached XP level 6. HP: 42/42 MP: 6/6
  3178 | D:4      | Noticed Grinder
  3179 | D:4      | Noticed Edmund
  3187 | D:4      | XOM: silly message
  3189 | D:4      | HP: 9/42 [Edmund/+2 flail of holy wrath (12)]
  3190 | D:4      | Slain by Edmund

Vanquished Creatures
  An orc priest (D:3)
  Ijyb (D:3)
  Jessica (D:3)
  Terence (D:3)
  5 adders
  2 worms
  5 orcs (D:3)
  An endoplasm (D:2)
  A giant cockroach (D:3)
  5 goblins
  8 hobgoblins
  5 jackals
  A quokka (D:4)
  4 ball pythons
  11 bats
  3 frilled lizards
  7 kobolds
  5 rats
67 creatures vanquished.

Table legend:
 A = Non-vault XP
 B = Vault XP
 C = Vault XP percentage of total XP
 D = Non-vault monster count
 E = Vault monster count
 F = Vault count percentage of total count
                 A         B        C        D         E       F
            +---------+---------+-------+---------+---------+-------
      Total |     210 |     112 |  34.8 |      64 |       3 |   4.5
            +---------+---------+-------+---------+---------+-------
        D:1 |      23 |       0 |   0.0 |      18 |       0 |   0.0
        D:2 |      64 |       0 |   0.0 |      16 |       0 |   0.0
        D:3 |     100 |     112 |  52.8 |      23 |       3 |  11.5
        D:4 |      23 |       0 |   0.0 |       7 |       0 |   0.0
            +---------+---------+-------+---------+---------+-------

Illustrated notes

Table legend:
 A = Kills in this place as a percentage of kills in entire the game.
 B = Kills by you in this place as a percentage of kills by you in the entire game.
 C = Kills by friends in this place as a percentage of kills by friends in the entire game.
 D = Other kills in this place as a percentage of other kills in the entire game.
 E = Experience gained in this place as a percentage of experience gained in the entire game.
 F = Experience gained in this place divided by the number of levels of this place that you have seen.
                   A       B       C       D       E      F
               +-------+-------+-------+-------+-------+----------------------
         Total | 100.0 | 100.0 |   N/A |   N/A | 100.0 |  80.5
       Dungeon | 100.0 | 100.0 |   N/A |   N/A | 100.0 |  80.5
               +-------+-------+-------+-------+-------+----------------------

Table legend: (Time is in decaauts)
 A = Elapsed time spent in this place.
 B = Non-inter-level travel time spent in this place.
 C = Inter-level travel time spent in this place.
 D = Time resting spent in this place.
 E = Time spent auto-exploring this place.
 F = Levels seen in this place.
 G = Mean time per level.
                   A        B        C        D        E       F      G
               +--------+--------+--------+--------+--------+-----+--------+
         Total |   3213 |   3116 |     97 |    796 |   1847 |   4 |  803.2 |
       Dungeon |   3213 |   3116 |     97 |    796 |   1847 |   4 |  803.2 |
               +--------+--------+--------+--------+--------+-----+--------+

Top non-repeatable levels by time:
     D:2: 1144 daAuts
     D:3: 1057 daAuts
     D:1: 868 daAuts
     D:4: 144 daAuts
